Map: Odyssée EC

Players

defer - Winner!

  • Race: Protoss Protoss
  • League: Diamond
  • Spawn Location: 5:00

StarChild

  • Race: Terran Terran
  • League: Platinum
  • Spawn Location: 11:00

VOD

Have the link to the VOD?

Description

Time

  • Played on: July 25, 2017, 3:15 p.m.
  • Length: 4:51
Show
View Real Time Build Order
Export as new Build Order

defer Protoss - Winner!

Build Orders:  

Get SALT Encoding   

  12  0:04  Probe (Chrono Boost)  
  13  0:16  Probe (Chrono Boost)  
  13  0:20  Pylon  
  14  0:26  Probe (Chrono Boost)  
  15  0:38  Probe (Chrono Boost)  
  15  0:40  Gateway  
  16  0:47  Assimilator  
  16  0:49  Probe (Chrono Boost)  
  17  1:00  Probe (Chrono Boost)  
  17  1:02  Gateway  
  18  1:10  Probe (Chrono Boost)  
  19  1:21  Probe (Chrono Boost)  
  20  1:27  Cybernetics Core  
  20  1:31  Assimilator, Probe (Chrono Boost)  
  21  1:41  Pylon  
  21  1:44  Probe (Chrono Boost)  
  22  1:55  Probe (Chrono Boost)  
  23  2:03  Stalker x2  
  23  2:08  Warp Gate (Chrono Boost)  
  27  2:15  Gateway  
  27  2:20  Gateway  
  27  2:35  Stalker (Chrono Boost)  
  27  2:36  Stalker (Chrono Boost)  
  31  2:53  Pylon  
  31  3:11  Stalker x2  
  35  3:15  Stalker  
  35  3:16  Stalker  
  39  3:29  Pylon  
  39  3:31  Pylon  
  39  3:57  Stalker  
  39  3:58  Stalker x2  
  45  4:03  Stalker  
Show
View Real Time Build Order
Export as new Build Order

StarChild Terran 

Build Orders:  

Get SALT Encoding   

  12  0:00  SCV  
  13  0:12  SCV  
  14  0:17  Supply Depot  
  14  0:25  SCV  
  15  0:38  SCV  
  15  0:39  Barracks  
  16  0:46  Refinery  
  16  0:50  SCV  
  17  1:03  SCV  
  18  1:20  SCV  
  18  1:24  Barracks  
  19  1:32  SCV  
  20  1:39  Command Center  
  20  1:45  SCV  
  21  1:53  Supply Depot  
  21  1:59  SCV  
  22  2:11  Orbital Command  
  22  2:14  Reaper  
  23  2:22  Barracks  
  23  2:29  Refinery  
  23  2:37  SCV  
  23  2:49  SCV  
  24  2:51  Barracks Reactor  
  24  2:52  Orbital Command  
  24  2:56  Factory  
  24  3:01  SCV  
  25  3:10  Barracks Tech Lab  
  25  3:12  Orbital Command  
  25  3:13  SCV  
  26  3:25  SCV  
  27  3:28  Marine x2  
  27  3:29  Marine  
  29  3:40  SCV x2  
  31  3:41  Factory Reactor  
  31  3:44  Bunker, Starport  
  31  3:45  Marine, Factory Tech Lab  
  32  3:51  Marine  
  32  3:52  SCV x2  
  32  3:53  Marine  
  36  4:04  SCV x2  
  36  4:09  Siege Tank  
  41  4:11  Marine  
  41  4:16  SCV x2  
Tags
 
Add a new tag
Caveats
  • Supply blocks, unpowered buildings, or Contaminate may cause inaccurate times.
  • Supply counts are checked every 10 seconds.